 Dungeon Crawl Stone Soup version 0.29-a0-486-ga88943ba61 (webtiles) character file.

Game seed: 9379252433654589728

123 Colgate the Sneak (level 5, 15/33 HPs)
             Began as a Kobold Brigand on May 26, 2022.
             Was a Believer of Dithmenos.
             Quit the game on level 3 of the Dungeon.
             The game lasted 00:04:25 (2818 turns).

Colgate the Sneak (Kobold Brigand)                  Turns: 2818, Time: 00:04:26

Health: 15/33      AC:  4    Str:  8    XL:     5   Next: 28%
Magic:  5/5        EV: 15    Int: 12    God:    Dithmenos [**....]
Gold:   143        SH:  0    Dex: 19    Spells: 4/4 levels left

rFire   . . .      SeeInvis .   b - +1 short sword (flame)
rCold   . . .      Faith    .   (no shield)
rNeg    . . .      Spirit   .   k - +0 robe
rPois   +          Reflect  .   (no helmet)
rElec   .          Harm     .   c - +0 cloak
rCorr   .          Rampage  .   o - +0 pair of gloves
Will    .....                   (no boots)
Stlth   +++++.....              (no amulet)
HPRegen 0.11/turn               g - ring of poison resistance
MPRegen 0.09/turn               (no ring)

@: wreathed by umbra
A: small, no large weapons, nightstalker 3
a: Renounce Religion, Shadow Step


You were on level 3 of the Dungeon.
You worshipped Dithmenos.
Dithmenos was pleased with you.
You visited 1 branch of the dungeon, and saw 3 of its levels.

You collected 143 gold pieces.

Inventory:

Hand Weapons
 a - a +2 dagger
 b - a +1 short sword of flaming (weapon)
Missiles
 d - 12 poisoned darts (quivered)
 e - 3 curare-tipped darts
 p - 5 atropa-tipped darts
Armour
 c - a +0 cloak (worn)
 k - a +0 robe (worn)
 o - a +0 pair of gloves (worn)
 t - the +2 robe of the Depths {-Tele Rampage rF++ rN+ Archmagi}
   (You found it on level 3 of the Dungeon)

   rF:        It greatly protects you from fire.
   rN:        It protects you from negative energy.
   -Tele:     It prevents most forms of teleportation.
   Rampage:   It bestows one free step when moving towards enemies.
   Archmagi:  It increases the power of your magical spells.
Jewellery
 g - a ring of poison resistance (left hand)
 u - a +6 ring of intelligence
Wands
 s - a wand of polymorph (9)
 x - a wand of flame (2)
Scrolls
 j - 2 scrolls of teleportation {@r3}
 l - a scroll of fear
 q - a scroll of identify {@r1}
 r - 2 scrolls of immolation
 y - a scroll of amnesia
Potions
 f - a potion of curing {@q1}
 h - 2 potions of brilliance
 i - 3 potions of lignification
 m - a potion of attraction {unknown}
 n - a potion of magic {unknown}
 v - a potion of might {unknown}
 w - a potion of degeneration {unknown}


   Skills:
 - Level 4.1 Fighting
 - Level 4.0 Short Blades
 - Level 2.1 Throwing
 - Level 2.2 Dodging
 + Level 6.0 Stealth


You had 4 spell levels left.
You didn't know any spells.
Your spell library contained the following spells:

 Spells                   Type           Power      Damage    Failure   Level
 Summon Small Mammal      Summ           0%         N/A       32%         1


Dungeon Overview and Level Annotations

Branches:
Dungeon (3/15)

Altars:
Dithmenos
Zin


Innate Abilities, Weirdness & Mutations

You are small and have problems with some larger weapons.
You are completely attuned to the shadows.


Message History

An orc priest is nearby!
You are too injured to fight recklessly!
An orc priest is nearby!
You are too injured to fight recklessly!
An orc priest is nearby!
You are too injured to fight recklessly!
An orc priest is nearby!
You are too injured to fight recklessly!
An orc priest is nearby!
You are too injured to fight recklessly!
An orc priest is nearby!
You are too injured to fight recklessly!
An orc priest is nearby!
You are too injured to fight recklessly!
An orc priest is nearby!
You are too injured to fight recklessly!
An orc priest is nearby!
You are too injured to fight recklessly!
An orc priest is nearby!
You are too injured to fight recklessly!
An orc priest is nearby!
You are too injured to fight recklessly!
An orc priest is nearby!
You are too injured to fight recklessly!
An orc priest is nearby!
You are too injured to fight recklessly!
An orc priest is nearby!
You are too injured to fight recklessly!
An orc priest is nearby!
You are too injured to fight recklessly!
An orc priest is nearby!
You are too injured to fight recklessly!
An orc priest is nearby!
You are too injured to fight recklessly!
An orc priest is nearby!
You are too injured to fight recklessly!
An orc priest is nearby!
Unknown command.
Welcome back, Colgate the Kobold Brigand.
Dithmenos says: Spread the eternal night.

#####
#########...##
.............#####
.................#
.<...........###.#
†....##.#...## #)#
..#. #.###.# #@#
..## #.# #.# #)#
...#. #.# #.# #o#
#..##.#.# #.# #.#
##..#.#.# #.# #.#
##..#...#
#..##...#
...#....#
..##...##


You could see an orc priest.

Vanquished Creatures
  Terence (D:3)
  3 adders (D:3)
  2 worms (D:3)
  A dart slug (D:1)
  4 orcs (D:3)
  8 ball pythons
  3 bats
  An endoplasm (D:1)
  A giant cockroach (D:1)
  6 goblins
  8 hobgoblins
  4 jackals (D:1)
  5 kobolds
  3 quokkas
  4 frilled lizards (D:1)
  5 rats
59 creatures vanquished.

Vanquished Creatures (others)
  2 plants (D:3)
2 creatures vanquished.

Grand Total: 61 creatures vanquished

Notes
Turn   | Place    | Note
-------+----------+-------------------------------------------
     0 | D:1      | Colgate the Kobold Brigand began the quest for the Orb.
     0 | D:1      | Reached XP level 1. HP: 12/12 MP: 1/1
    70 | D:1      | Reached XP level 2. HP: 17/17 MP: 2/2
   416 | D:1      | Reached XP level 3. HP: 22/22 MP: 3/3
   691 | D:1      | Found a faded altar of an unknown god.
   697 | D:1      | Got Plato's Almanac of Creation
   698 | D:1      | Prayed at the altar of an unknown god.
   698 | D:1      | Became a worshipper of Dithmenos the Shadowed
   698 | D:1      | Reached * piety under Dithmenos
  1133 | D:2      | Found a glowing silver altar of Zin.
  1914 | D:2      | Reached XP level 4. HP: 28/28 MP: 4/4
  2510 | D:3      | Identified the +2 robe of the Depths {-Tele Rampage rF++
                  | rN+ Archmagi}
  2693 | D:3      | Noticed Terence
  2698 | D:3      | Killed Terence
  2698 | D:3      | Reached ** piety under Dithmenos
  2699 | D:3      | Reached XP level 5. HP: 33/33 MP: 5/5
  2815 | D:3      | Reached skill level 6 in Stealth
  2818 | D:3      | Quit the game

Illustrated notes

Levels and vault maps discovered:
D:1:      dpeg_arrival_subterranean_lakeside_camping, layout_loops_ring,
          shapermc_ecumenical_altar_rom_forum, wad_floor_pattern_untrapped,
          bh_walls_and_bars
D:2:      layout_loops_corners, basic_altar
D:3:      layout_loops_ring, minmay_misc_feat_iff, serial_bayou_pond_b,
          uniq_terence

Skill      XL: |  1  2  3  4  5 |
---------------+----------------+-----
Short Blades   | 3 4 |  4.0
Fighting       | 3 4 |  4.1
Dodging        | 2 |  2.2
Stealth        | 6 |  6.0
Throwing       | |  2.1

Action                   |  1- 3 |  4- 6 || total
-------------------------+-------+-------++-------
Melee: Dagger            |    36 |       ||    36
       Short sword       |    31 |    50 ||    81
       Punch             |     1 |       ||     1
  Use: Scroll            |       |     7 ||     7
 Stab: Sleeping          |    23 |     4 ||    27
Armor: Robe              |     4 |     7 ||    11
Dodge: Dodged            |    24 |    50 ||    74

Table legend: (Time is in decaauts)
 A = Elapsed time spent in this place.
 B = Non-inter-level travel time spent in this place.
 C = Inter-level travel time spent in this place.
 D = Time resting spent in this place.
 E = Time spent auto-exploring this place.
 F = Levels seen in this place.
 G = Mean time per level.
                   A        B        C        D        E       F      G
               +--------+--------+--------+--------+--------+-----+--------+
         Total |   2807 |   2681 |    126 |      0 |   2326 |   3 |  935.7 |
       Dungeon |   2807 |   2681 |    126 |      0 |   2326 |   3 |  935.7 |
               +--------+--------+--------+--------+--------+-----+--------+

Top non-repeatable levels by time:
     D:2: 1108 daAuts
     D:1: 1061 daAuts
     D:3: 638 daAuts
